Map: Kairos Junction LE

Players

MacroIsKey

  • Race: Terran Terran
  • League: Master
  • Spawn Location: 5:00

Vitross - Winner!

  • Race: Zerg Zerg
  • Spawn Location: 11:00

VOD

Have the link to the VOD?

Description

Time

  • Played on: Nov. 20, 2018, 5:34 p.m.
  • Length: 10:34
Show
View Real Time Build Order
Export as new Build Order

MacroIsKey Terran 

Build Orders: Command Center First (CC) 

Get SALT Encoding   

  12  0:00  SCV  
  13  0:12  SCV  
  14  0:17  Supply Depot  
  14  0:24  SCV  
  15  0:39  SCV  
  16  0:51  SCV  
  17  1:01  Command Center  
  18  1:04  SCV  
  18  1:15  Barracks  
  18  1:17  SCV  
  19  1:23  Refinery  
  19  1:29  SCV  
  19  1:31  Refinery  
  20  1:41  SCV  
  21  1:53  SCV  
  22  2:02  Reaper  
  22  2:04  Supply Depot  
  22  2:07  Orbital Command  
  23  2:14  Orbital Command  
  23  2:25  Factory  
  23  2:33  SCV  
  23  2:36  Barracks Reactor  
  24  2:40  SCV  
  25  2:48  SCV  
  26  2:56  Factory  
  26  3:00  SCV  
  27  3:15  SCV  
  27  3:23  Starport, SCV  
  27  3:25  Hellion x2  
  32  3:28  Barracks Tech Lab  
  32  3:33  Armory  
  32  3:35  Refinery  
  32  3:38  Supply Depot  
  32  3:41  SCV x2  
  32  3:47  Hellion x2  
  38  4:01  Factory Tech Lab  
  38  4:02  Viking  
  40  4:03  SCV  
  40  4:05  SCV  
  40  4:08  Hellion x2  
  40  4:09  Marine  
  46  4:15  SCV  
  48  4:17  SCV  
  48  4:21  Cyclone  
  52  4:27  SCV  
  52  4:29  SCV  
  54  4:42  Fusion Core  
  54  4:46  Refinery  
  54  4:47  Command Center  
  54  5:03  Starport  
  54  5:11  Factory Tech Lab  
  54  5:23  Supply Depot  
  54  5:38  Supply Depot  
  54  5:39  Supply Depot, Terran Ship Weapons Level 1  
  54  5:45  Battlecruiser, SCV x2  
  62  5:59  Armory, Hellion x2, SCV x2  
  62  6:00  Supply Depot  
  62  6:01  SCV  
  69  6:11  SCV x2  
  71  6:23  SCV x2  
  73  6:26  Battlecruiser  
  79  6:35  SCV x2  
  79  6:37  Supply Depot  
  79  6:38  Supply Depot  
  81  6:42  Weapon Refit  
  81  6:48  Starport  
  81  6:49  Supply Depot  
  81  6:50  Hellion x2, Supply Depot  
  85  6:54  Terran Vehicle And Ship Armor Level 1  
  85  6:59  SCV  
  85  7:00  SCV x2  
  88  7:11  SCV  
  88  7:12  Battlecruiser  
  88  7:13  Refinery x2  
  95  7:16  Supply Depot  
  95  7:17  Supply Depot  
  95  7:22  Hellion x2  
  99  7:29  Starport Tech Lab  
  99  7:32  SCV x2  
  101  7:43  Supply Depot  
  101  7:47  Barracks, SCV x2  
  101  7:48  Orbital Command  
  68  8:15  Battlecruiser x2  
  49  8:42  SCV x2  
  47  8:52  Battlecruiser  
  47  8:54  SCV  
  41  9:03  Hellion  
  45  9:10  Orbital Command  
  45  9:14  SCV  
  45  9:16  Hellion  
  44  9:36  SCV x2  
  45  9:48  SCV x2  
  45  10:00  SCV x2  
Show
View Real Time Build Order
Export as new Build Order

Vitross Zerg - Winner!

Build Orders: Hatch First 

Get SALT Encoding   

  12  0:01  Drone  
  13  0:12  Overlord  
  13  0:18  Drone  
  14  0:31  Drone x2  
  16  0:51  Hatchery  
  16  0:55  Drone  
  17  0:57  Drone  
  17  1:00  Drone  
  18  1:11  Extractor  
  17  1:16  Spawning Pool  
  16  1:19  Drone  
  16  1:22  Drone  
  18  1:28  Drone  
  19  1:39  Drone  
  20  2:02  Queen  
  20  2:03  Queen  
  20  2:08  Hatchery  
  23  2:12  Zergling x2  
  23  2:14  Zergling x2  
  25  2:20  Metabolic Boost  
  25  2:26  Overlord  
  25  2:33  Drone x2  
  25  2:37  Drone  
  28  2:47  Drone x3  
  31  2:51  Drone  
  31  2:52  Drone  
  31  2:57  Overlord  
  33  3:09  Spore Crawler  
  33  3:12  Drone  
  33  3:15  Drone x2  
  33  3:16  Drone x3  
  33  3:19  Drone  
  40  3:20  Drone  
  40  3:24  Drone x2  
  42  3:28  Overlord  
  42  3:33  Overlord  
  42  3:41  Roach Warren  
  42  3:48  Queen  
  41  3:52  Zergling x4  
  41  3:53  Zergling x2  
  46  3:56  Drone x4  
  50  4:08  Overlord  
  50  4:11  Extractor  
  50  4:16  Drone x7  
  56  4:27  Queen  
  58  4:33  Roach  
  58  4:34  Roach x6  
  58  4:36  Roach  
  74  4:40  Overlord  
  74  4:42  Overlord  
  74  4:48  Lair  
  74  4:49  Overlord  
  74  4:51  Overlord  
  74  4:59  Overlord x2  
  74  5:12  Drone x7  
  74  5:13  Drone x3  
  84  5:20  Overlord  
  84  5:25  Hatchery  
  84  5:27  Extractor, Drone x2  
  84  5:31  Drone  
  84  5:34  Drone  
  86  5:37  Extractor  
  86  5:38  Drone x2  
  86  5:39  Extractor, Drone x4  
  86  5:40  Drone  
  93  5:43  Roach x3  
  97  5:53  Queen  
  97  5:55  Glial Reconstitution  
  99  5:58  Drone x2, Spire  
  99  5:59  Extractor, Drone  
  99  6:00  Drone  
  99  6:01  Drone  
  102  6:09  Ravager x2  
  102  6:10  Roach  
  102  6:11  Roach x4  
  113  6:26  Overlord x2  
  113  6:27  Overlord  
  113  6:38  Overlord x2  
  113  6:39  Drone  
  114  6:40  Drone  
  115  6:53  Overlord x2  
  115  6:58  Zergling x2  
  115  6:59  Evolution Chamber, Zergling x2  
  115  7:00  Zergling x2  
  117  7:07  Hatchery  
  116  7:09  Hatchery  
  116  7:11  Mutalisk  
  116  7:12  Mutalisk x9  
  135  7:20  Zerg Flyer Weapons Level 1  
  134  7:30  Zergling x2  
  135  7:39  Roach x9  
  135  7:40  Roach x4  
  135  7:41  Overlord  
  135  7:42  Overlord  
  155  8:06  Roach  
  155  8:07  Roach x13  
  155  8:08  Roach x3  
  166  8:20  Roach  
  166  8:21  Roach x5  
  166  8:25  Ravager  
  166  8:26  Ravager x2  
  160  8:36  Drone x8  
  160  8:37  Drone x7  
  151  9:02  Corruptor x8  
  151  9:12  Extractor  
  151  9:13  Extractor, Drone x4  
  151  9:14  Drone x2  
  145  9:17  Infestation Pit  
  134  9:27  Corruptor x2  
  122  9:39  Zergling x4  
  122  9:40  Zergling x2  
  122  9:42  Corruptor x2  
  118  9:54  Drone x5  
  118  9:55  Drone x2  
  118  9:56  Drone x4  
  123  10:14  Extractor  
  123  10:16  Extractor  
Tags
 
Add a new tag
Caveats
  • Supply blocks, unpowered buildings, or Contaminate may cause inaccurate times.
  • Supply counts are checked every 10 seconds.